[Event "MPL-4 Indian Chess Tour 2022"]
[Site "Chess24"]
[Date "2022.09.27"]
[Round "1.1"]
[White "Karthikeyan, Murali"]
[Black "Raja Harshit"]
[Result "1-0"]
[ECO "B90"]
[WhiteElo "2623"]
[BlackElo "2459"]
[Annotator "TA"]
[PlyCount "41"]
[EventDate "2022.09.29"]
[EventType "tourn (rapid)"]
[EventCountry "NET"]
[SourceTitle "playchess.com"]
[Source "ChessBase"]
[SourceQuality "1"]
[WhiteTeam "India"]
[BlackTeam "India"]
[WhiteTeamCountry "IND"]
[BlackTeamCountry "IND"]
[TimeControl "900+10"]

1. e4 c5 2. Nf3 d6 3. d4 cxd4 4. Nxd4 Nf6 5. Nc3 a6 6. a4 e5 7. Nf3 Be7 8. Bg5 {[%emt 0:00:06] is now debated instead of 8.Bc4.} Be6 {[%emt 0:00:15] B90: Sicilian Najdorf: Unusual White 6th moves, 6 Be3 Ng4 and 6 Be3 e5.} 9. Bxf6 Bxf6 10. Nd5 {[%emt 0:00:01] Inhibits Qb6.} Nd7 {[%emt 0:00:18] The position is equal.} 11. Bc4 Nb6 12. Nxf6+ Qxf6 13. Bxe6 Qxe6 14. O-O O-O 15. Qd3 Rac8 16. Rfd1 Rc6 17. b3 {[%emt 0:01:10] [#]} f5 $146 ({Predecessor:} 17... Nd7 18. c4 Nc5 19. Qe3 Qh6 20. Qxh6 gxh6 21. Nd2 a5 22. Rac1 Re8 23. Rc3 Kf8 {1-0 (49) Delgado Ramirez,N (2622)-Sekar,B (2283) Ahmedabad 2022}) 18. Re1 fxe4 (18... Nd7 $5 ) 19. Rxe4 {[%emt 0:00:15] [#] Nd4 is the strong threat.} Qd5 {[%emt 0:00:37] Prevents Nd4.} 20. Qe2 Rc3 21. Re3 {[%emt 0:00:41][%mdl 32768] Not much happened in this game.  Weighted Error Value: White=0.05 (flawless) /Black=0.07 (flawless) . Loss on time!?} 1-0

[Event "MPL-4 Indian Chess Tour 2022"]
[Site "Chess24"]
[Date "2022.09.27"]
[Round "1.2"]
[White "Pranav, V."]
[Black "Adhiban, B.."]
[Result "1-0"]
[ECO "B06"]
[WhiteElo "2530"]
[BlackElo "2603"]
[Annotator "TA"]
[PlyCount "83"]
[EventDate "2022.09.29"]
[EventType "tourn (rapid)"]
[EventCountry "NET"]
[SourceTitle "playchess.com"]
[Source "ChessBase"]
[SourceQuality "1"]
[WhiteTeam "India"]
[BlackTeam "India"]
[WhiteTeamCountry "IND"]
[BlackTeamCountry "IND"]
[TimeControl "900+10"]

1. e4 g6 2. d4 Bg7 3. Nc3 d6 4. f4 a6 5. Nf3 b5 6. Bd3 Bb7 7. O-O Nd7 8. e5 (8. a4 $5 ) 8... Nh6 {[%emt 0:00:11] B06: Modern Defence.} 9. Ne4 c5 10. c3 {[%emt 0:00:01] [#]} (10. exd6 c4 11. dxe7 Qb6 12. Bxc4 Bxe4 $15) 10... cxd4 $146 {[%emt 0:00:12] The position is equal.} ({Predecessor:} 10... Qb6 11. Kh1 cxd4 12. cxd4 Nf5 13. Bb1 dxe5 14. fxe5 Rd8 15. Bf4 h5 16. Qd2 Nf8 {0-1 (45) Chernomordik,P (2177)-Matinian,N (2470) Chess.com INT 2021}) 11. cxd4 O-O 12. Kh1 ({Of course not} 12. exd6 exd6 13. Nxd6 Bxf3 14. Qxf3 Nf6 $15) 12... Nf5 13. Qe2 Qb6 14. e6 fxe6 15. Neg5 e5 (15... Nxd4 16. Nxd4 Qxd4 17. Qxe6+ Kh8 18. Qh3 $16) 16. Ne6 Rf6 ({Don't play} 16... Nxd4 17. Nfxd4 (17. Nexd4 $2 Nc5 $19) 17... exd4 18. Nxf8 Nxf8 19. f5 $14) 17. Nxg7 Nxg7 18. dxe5 dxe5 19. fxe5 Bxf3 20. gxf3 Re6 ({Better is} 20... Rff8 $14) 21. Be3 $16 Qc7 22. Be4 Rf8 (22... Rd8 $16) 23. Bd5 {[%emt 0:00:04] This bishop pair is nice.} (23. Rfd1 $18 {aiming for Rac1.} Nb6 24. Rac1) 23... Qxe5 24. Bxe6+ Qxe6 25. Rae1 Nf5 {[%emt 0:00:07] Against Bh6} 26. Bg5 Qxe2 27. Rxe2 Kf7 28. Rd1 Nc5 29. Be3 {[%emt 0:00:43] White is more active.} Ne6 30. b4 ({White should play} 30. Rd3 $16) 30... Rc8 $14 31. Bc5 a5 32. a3 axb4 33. axb4 Rc6 34. Re5 Ng5 35. Kg2 Ra6 36. Rde1 Ne6 37. Kf1 (37. Be3 $16) 37... Ra3 $2 {[%emt 0:00:10][%mdl 8192] [#] This move loses the game for Black.} 38. Rxe6 $18 {[%emt 0:00:12] White is clearly winning.} Rxf3+ 39. Kg1 Rb3 40. Bxe7 Nd4 41. Rf6+ Kg7 42. Ref1 {[%emt 0:00:28] Weighted Error Value: White=0.15 (very precise) /Black=0.15 (very precise)} 1-0

[Event "MPL-4 Indian Chess Tour 2022"]
[Site "Chess24"]
[Date "2022.09.27"]
[Round "1.3"]
[White "Puranik, Abhimanyu"]
[Black "Narayanan.S.L"]
[Result "0-1"]
[ECO "A13"]
[WhiteElo "2603"]
[BlackElo "2657"]
[Annotator "TA"]
[PlyCount "62"]
[EventDate "2022.09.29"]
[EventType "tourn (rapid)"]
[EventCountry "NET"]
[SourceTitle "playchess.com"]
[Source "ChessBase"]
[SourceQuality "1"]
[WhiteTeam "India"]
[BlackTeam "India"]
[WhiteTeamCountry "IND"]
[BlackTeamCountry "IND"]
[TimeControl "900+10"]

1. Nf3 d5 2. c4 e6 3. e3 Nf6 4. b3 c5 5. Bb2 Nc6 6. cxd5 exd5 7. Bb5 Bd6 8. O-O O-O {[%emt 0:00:02] A13: English Opening: 1...e6.} 9. d4 cxd4 10. Nxd4 Bc7 {[%emt 0:00:01] The position is equal.} 11. Nf3 Re8 {[%emt 0:00:04] [#]} 12. Nbd2 $146 ({Predecessor:} 12. Qc2 Bg4 13. Nbd2 Rc8 14. h3 Bh5 15. Qf5 Bg6 16. Qg5 Bd6 17. Rac1 Be7 18. Qf4 {½-½ (51) Babic,D (2495)-Kunzelmann,F (2497) ICCF email 2018}) 12... Qd6 13. Qc2 Ne4 14. g3 Bf5 15. Nxe4 Bxe4 16. Qc3 (16. Qe2 $11) 16... Qh6 $15 {[%emt 0:00:37] Really sharp!} 17. Bxc6 bxc6 18. Nd2 Bf5 {[%emt 0:01:41] This bishop pair is nice.} 19. b4 Rad8 20. Rac1 ({White should play} 20. Nb3 $15) 20... Be5 (20... Rd6 $142 $1 {...Rg6 is the strong threat.} 21. Rfe1 Bb6) 21. Qb3 $17 Bxb2 {[%emt 0:00:01] Black is much more active.} 22. Qxb2 d4 $1 23. e4 Bxe4 24. Rfe1 {[%emt 0:00:06] [#]} (24. Nxe4 $17 {keeps fighting.} Rxe4 25. b5 cxb5 26. Qxb5) 24... Bd5 $1 $19 25. f3 ({Wrong is} 25. Rxe8+ $2 Rxe8 26. Nf1 Qh5 $19) (25. Rcd1 $142) 25... g6 (25... d3 $142 {White must now prevent ...Re3.} 26. f4 Qh5) 26. h4 (26. Rxe8+ $2 Rxe8 27. Nf1 Bxf3 $19) (26. Rcd1 {is a better defense.}) 26... d3 {[%emt 0:01:00] aiming for ...Re3.} 27. Qc3 Re3 {[%emt 0:00:17] Threatens to win with ...Rde8.} (27... Bxa2 28. Ne4 Rf8 29. Ra1 $11 (29. Nf6+ Kh8 $11)) 28. Kf2 Rde8 {[%emt 0:00:02] ( -> ...Re2+)} 29. Ne4 $2 {[%emt 0:00:06] [#]} (29. f4 Re2+ 30. Rxe2 Rxe2+ 31. Kf1) 29... Rxf3+ $3 {[%emt 0:00:02][%mdl 512] Black is clearly winning.} 30. Kxf3 d2 {[%emt 0:00:00] Hoping for ...f5.} 31. Kg4 {[%emt 0:00:38] Intending Nf6+ and mate.} Bxe4 {[%emt 0:00:08] Weighted Error Value: White=0.70/Black=0.18 (very precise)} (31... Rxe4+ $142 32. Kh3 Be6+ 33. Kh2 Rc4) 0-1

[Event "MPL-4 Indian Chess Tour 2022"]
[Site "Chess24"]
[Date "2022.09.27"]
[Round "1.4"]
[White "Aditya Mittal"]
[Black "Mohammad Nubairshah Shaikh"]
[Result "1-0"]
[ECO "E60"]
[WhiteElo "2485"]
[BlackElo "2461"]
[Annotator "TA"]
[PlyCount "73"]
[EventDate "2022.09.29"]
[EventType "tourn (rapid)"]
[EventCountry "NET"]
[SourceTitle "playchess.com"]
[Source "ChessBase"]
[SourceQuality "1"]
[WhiteTeam "India"]
[BlackTeam "India"]
[WhiteTeamCountry "IND"]
[BlackTeamCountry "IND"]
[TimeControl "900+10"]

1. d4 d6 2. Nf3 g6 3. c4 Nf6 4. Nc3 Bf5 5. g3 Bg7 6. Bg2 Ne4 7. Qb3 Nxc3 8. bxc3 Be4 9. O-O O-O (9... b6 {is interesting.} 10. d5 Qc8 11. Nd4 Bxg2 12. Kxg2 O-O) 10. a4 {[%emt 0:00:58] [#] E60: King's Indian: Unusual lines and Fianchetto Variation without Nc3.} (10. Bh3 $11) 10... Nd7 $146 (10... Nc6 $15) ({Predecessor:} 10... b6 11. Ba3 Nc6 12. Qa2 Qc8 13. Rfd1 Qa6 14. Qb3 Na5 15. Qb5 Qb7 16. c5 Rfd8 17. Rac1 Rab8 18. cxd6 cxd6 {1-0 (62) Fedoseev,V (2701)-Ibarra Jerez,J (2570) Chess.com INT 2022}) 11. Bh3 $11 b6 12. a5 {[%emt 0:00:11] The position is equal.} e5 13. Bg5 f6 (13... Qe8 $11 {remains equal.}) 14. Be3 $16 Kh8 15. Qa4 Bxf3 16. exf3 f5 17. f4 {[%emt 0:00:30] White is more active.} c5 $2 {[%emt 0:01:03][%mdl 8192] [#]} (17... e4 $14) 18. dxe5 $1 $18 bxa5 19. Rfd1 (19. exd6 Bxc3 20. Rab1 Bb4 $16) (19. Qxa5 dxe5 20. Rfd1 Qxa5 21. Rxa5 exf4 22. Bxf4 (22. Rxd7 fxe3 23. fxe3 Bxc3 $11) 22... Nf6 $14) 19... Nb6 20. Qa2 ({Don't play} 20. Qxa5 Nxc4 21. Qa2 Nxe3 $18) 20... Qe7 (20... Rc8 $142 21. Rxd6 Qe7) 21. exd6 Qe6 22. Bxc5 Rac8 {[%emt 0:00:05] [#]} 23. d7 $1 Nxd7 24. Bxf8 ({Not} 24. Bxa7 Nc5 25. Rd5 (25. Qxa5 Nb3 $14) 25... Ne4 $18) 24... Nxf8 25. Qxa5 Qxc4 26. Qxa7 Qxc3 27. Rab1 Qc2 28. Qe3 Qa4 29. Bg2 h5 30. Bd5 Re8 31. Qb3 Qa7 32. Qb7 Qxb7 33. Rxb7 Kh7 $2 (33... Rd8 34. Kg2 Bf6) 34. Rc1 {[%emt 0:00:08] Hoping for Rcc7.} Kh6 35. Rcc7 Bd4 36. Bg8 g5 37. Rc6+ {[%emt 0:00:04] Black got outplayed after the opening.  Weighted Error Value: White=0.21 (precise) /Black=0.69} 1-0

[Event "MPL-4 Indian Chess Tour 2022"]
[Site "Chess24"]
[Date "2022.09.27"]
[Round "1.5"]
[White "Sethuraman, S.P."]
[Black "Mendonca, Leon Luke"]
[Result "1/2-1/2"]
[ECO "E04"]
[WhiteElo "2638"]
[BlackElo "2558"]
[Annotator "TA"]
[PlyCount "116"]
[EventDate "2022.09.29"]
[EventType "tourn (rapid)"]
[EventCountry "NET"]
[SourceTitle "playchess.com"]
[Source "ChessBase"]
[SourceQuality "1"]
[WhiteTeam "India"]
[BlackTeam "India"]
[WhiteTeamCountry "IND"]
[BlackTeamCountry "IND"]
[TimeControl "900+10"]

1. d4 d5 2. c4 c6 3. Nf3 Nf6 4. Nc3 e6 5. g3 dxc4 6. Bg2 b5 7. Ne5 a6 {[%emt 0:00:07][%cal Ba7a6,Ba6a5][%mdl 32] E04: Open Catalan: 5 Nf3.} 8. O-O Bb7 9. b3 b4 10. Na4 {[%emt 0:00:01] 10.Ne4 deserves study.} c3 11. Nc4 a5 $1 {[%emt 0:00:50] [#]} 12. e4 $146 (12. Bf4 $11) ({Predecessor:} 12. a3 Ba6 13. Bf4 Bb5 14. e4 Be7 15. Nab6 Ra6 16. a4 Rxb6 17. axb5 Rxb5 18. Ra2 {½-½ (30) Dubov,D (2720)-Mamedyarov,S (2767) Wijk aan Zee 2022}) 12... Be7 $1 $17 13. e5 Nd5 14. Qg4 Kf8 15. Nc5 Ba6 16. Re1 h5 17. Qd1 Nd7 (17... h4 $15) 18. Nd6 $11 Bxd6 19. exd6 N7f6 20. a3 ({Much weaker is} 20. Rxe6 Kg8 21. Re1 Qxd6 $11) 20... Kg8 (20... Bc8 $11) 21. axb4 $16 Nxb4 22. Bg5 Bc8 (22... Bb5 $14) 23. Qc1 (23. Ne4 $16) 23... Qxd6 $11 24. Bxf6 gxf6 25. Qxc3 Kg7 26. Re4 {[%emt 0:02:03][%mdl 1024] White has compensation.} Ra7 27. Rh4 Nd5 $1 28. Qf3 Ne7 (28... e5 $11) 29. Rd1 (29. Ra4 $14 e5 30. Ne4 (30. Rxh5 Rxh5 31. Ne4 Rf5 $14)) 29... Ng6 (29... e5 $11 {keeps the balance.}) 30. Rxh5 $16 Rxh5 31. Qxh5 Ra8 32. Qf3 $36 {[%emt 0:00:11][%mdl 2048] White is on the roll. White has more active pieces.} Rb8 33. h4 {[%emt 0:00:10] Black must now prevent h5.} f5 34. Qc3 ({White should play} 34. Qxc6 Qxc6 35. Bxc6) 34... Rb4 (34... e5 $142) 35. h5 (35. Rd2 $142) 35... Ne7 36. d5+ ({Better is} 36. Bf3 $16 {aiming for d5+.} Nd5 37. Qc1) 36... e5 $11 37. h6+ Kxh6 $2 {[%emt 0:00:09] [#]} (37... Kh7 $1 $11) 38. Qc1+ $2 (38. Nb7 $1 $16 Bxb7 39. Qc1+ Kh7 40. dxc6) 38... Kg6 (38... Kg7 $11 39. dxc6 Rd4 40. Rxd4 Qxd4) 39. dxc6 (39. Nb7 $5 Qc7 40. dxc6 $16) 39... Rd4 {[%emt 0:00:00] The position is equal.} 40. Rxd4 Qxd4 41. Qc2 e4 42. c7 Qd6 43. Na4 Nd5 44. Qd2 Qc6 45. Qxa5 Nxc7 46. Nc5 Ne6 47. b4 Qd5 48. Kh2 Qd2 49. Qa8 Qxb4 50. Nxe4 fxe4 51. Qxc8 {[%emt 0:00:05][%mdl 4096] Endgame KQB-KQN} Qd4 52. Qc2 f5 53. Kg1 Ng5 54. Qc6+ Qf6 55. Qe8+ Qf7 56. Qc6+ Qf6 57. Qe8+ Qf7 58. Qc6+ Qf6 {[%emt 0:00:00] Weighted Error Value: White=0.15 (very precise) /Black=0.16 (very precise)} 1/2-1/2

[Event "MPL-4 Indian Chess Tour 2022"]
[Site "Chess24"]
[Date "2022.09.27"]
[Round "1.6"]
[White "Mitrabha, Guha"]
[Black "Ganguly, Surya Shekhar"]
[Result "0-1"]
[ECO "A22"]
[WhiteElo "2471"]
[BlackElo "2589"]
[Annotator "TA"]
[PlyCount "88"]
[EventDate "2022.09.29"]
[EventType "tourn (rapid)"]
[EventCountry "NET"]
[SourceTitle "playchess.com"]
[Source "ChessBase"]
[SourceQuality "1"]
[WhiteTeam "India"]
[BlackTeam "India"]
[WhiteTeamCountry "IND"]
[BlackTeamCountry "IND"]
[TimeControl "900+10"]

1. c4 e5 2. Nc3 Nf6 3. g3 Bb4 4. Nd5 Nxd5 5. cxd5 O-O 6. Bg2 c6 {[%emt 0:00:22] is the legacy move (6...d6). A22: English Opening: 1...e5 2 Nc3 Nf6.} 7. a3 Be7 8. dxc6 {[%emt 0:00:11] [#]} bxc6 $146 {[%emt 0:00:06] Black is slightly better.} ({Predecessor:} 8... Nxc6 9. e4 d5 10. d3 dxe4 11. Bxe4 Nd4 12. Be3 Be6 13. Bg2 Bb3 14. Qd2 Nc2+ {0-1 (14) Neil,C (460)-Ardila Barrera,F (2378) LSS email 2016}) 9. d3 d5 10. Nf3 f6 11. O-O Be6 12. Qc2 c5 13. e4 (13. b4 $1 $11) 13... dxe4 $17 14. dxe4 Nc6 15. Bd2 Qb6 16. Rfc1 Bb3 17. Qc3 Rfd8 18. Bf1 Kh8 19. Be3 Nd4 20. Nd2 {[%emt 0:00:12] And now Bxd4 would win.} Rab8 21. Kg2 (21. Bxd4 $5 exd4 22. Qf3 $15) 21... Be6 22. Rab1 Ba2 {[%emt 0:00:10] Black has more active pieces.} 23. Ra1 $1 Qxb2 24. Qa5 $2 {[%emt 0:00:07][%mdl 8192] Black keeps a firm grip on the game.} (24. Qxb2 $15 Rxb2 25. Nc4 Bxc4 26. Rxc4) 24... Nc2 $19 25. Rxc2 Qxc2 26. Qxa7 Re8 {[%emt 0:03:15] Strongly threatening ...c4.} (26... Rxd2 27. Qxb8+ Rd8 28. Qb7 $14) 27. Kg1 $2 (27. a4 {might work better.} Qb2 28. Re1) 27... Qb2 28. Rd1 c4 29. Nxc4 Bxc4 30. Bxc4 Qc2 31. Rc1 Rb1 32. Rxb1 Qxb1+ 33. Bf1 Qxe4 34. Qd7 Qa8 35. Bb5 Rb8 36. a4 {[%emt 0:00:01] [#]} Qb7 $1 37. Qe6 Rd8 38. Bc6 (38. Bf1 $17 {was necessary.}) 38... Qa6 {[%emt 0:00:16][%cal Od8d6] ...Rd6! is the strong threat.} 39. h4 h6 {[%emt 0:01:19][%cal Od8d6] Hoping for ...Rd6!} 40. Bxh6 $2 {[%emt 0:00:29] [#]} (40. Bd7 Qxe6 41. Bxe6) 40... Bf8 $1 ({Weaker is} 40... gxh6 41. Qxe7 Rd1+ 42. Kh2 Qxc6 43. Qf8+ Kh7 44. Qf7+ Kh8 45. Qf8+ Kh7 46. Qf7+ Kh8 47. Qf8+ $11) ({Stronger than} 40... Rd1+ 41. Kh2 gxh6 42. Qxe7 Qxc6 43. Qf8+ Kh7 44. Qf7+ Kh8 45. Qf8+ Kh7 46. Qf7+ Kh8 47. Qf8+ $11) 41. Be3 (41. Bxg7+ $142 Bxg7 42. Kh2) 41... Rd6 42. Qe8 Qxc6 43. Qxf8+ Kh7 {[%emt 0:00:01] ( -> ...Rd1+)} 44. Kf1 Qh1+ {[%emt 0:00:03] Weighted Error Value: White=0.77/Black=0.14 (very precise)} 0-1

[Event "MPL-4 Indian Chess Tour 2022"]
[Site "Chess24"]
[Date "2022.09.27"]
[Round "1.7"]
[White "Vaibhav, Suri"]
[Black "Iniyan, P."]
[Result "1-0"]
[ECO "B53"]
[WhiteElo "2600"]
[BlackElo "2556"]
[Annotator "TA"]
[PlyCount "71"]
[EventDate "2022.09.29"]
[EventType "tourn (rapid)"]
[EventCountry "NET"]
[SourceTitle "playchess.com"]
[Source "ChessBase"]
[SourceQuality "1"]
[WhiteTeam "India"]
[BlackTeam "India"]
[WhiteTeamCountry "IND"]
[BlackTeamCountry "IND"]
[TimeControl "900+10"]

1. e4 c5 2. Nf3 d6 3. Nc3 Nf6 4. d4 cxd4 5. Qxd4 Nc6 6. Qd3 {[%emt 0:00:02] B53: Sicilian: 2...d6: Lines with Qxd4.} g6 7. Nd5 $1 {[%emt 0:00:01][%mdl 4] is now more promising than 7.Be2.} Bg7 8. c3 {[%emt 0:00:02] The position is equal.} Nd7 9. Bg5 Nc5 {[%emt 0:00:06] [#]} 10. Qe3 $146 ({Predecessor:} 10. Qc2 h6 11. Bh4 Bg4 12. Be2 Qd7 13. h3 Bxf3 14. Bxf3 g5 15. Bg3 e6 16. Ne3 {1-0 (59) Xiong,J (2686)-Sarana,A (2685) Chess.com INT 2022}) 10... h6 11. Bh4 g5 12. Bg3 e6 13. Nb4 Nxb4 14. cxb4 Na4 (14... Bxb2 $2 15. Rb1 Nxe4 16. Rxb2 Nxg3 17. hxg3 $18) 15. Rd1 Bxb2 16. Rxd6 {[%emt 0:05:52] White is more active.} ({White should play} 16. Bb5+ $1 $16 Bd7 17. Bxd7+ (17. Rxd6 Bc3+ 18. Kd1 Bxb5 $17) 17... Qxd7 18. O-O) 16... Bd7 $1 $11 17. Be5 {[%emt 0:00:16] Prevents Bc3+.} (17. Bd3 $14) 17... Bxe5 $1 18. Nxe5 Qc7 19. Qd2 $36 {[%emt 0:00:27][%cal Oe5f7][%mdl 2048] Strongly threatening Nxf7! Black is under pressure.} Bc6 $2 {[%emt 0:00:05] Black is on the road to losing.} (19... Nc3 $11) 20. h4 $18 Ke7 21. Nxc6+ bxc6 22. e5 Rad8 (22... Nb6 $16) 23. hxg5 Rxd6 24. exd6+ ({But not} 24. Qxd6+ Qxd6 25. exd6+ Kxd6 26. gxh6 Nb6) 24... Qxd6 25. Qxd6+ ({Less strong is} 25. gxh6 Qe5+ 26. Be2 Rd8 $16) 25... Kxd6 26. gxh6 {[%emt 0:00:15][%mdl 4096] Endgame KRB-KRN} Nc3 27. a3 f5 28. f3 {[%emt 0:01:02] Prevents Ne4.} Nd5 29. Kd2 Nf6 30. Bc4 Ng8 31. h7 Nf6 {[%emt 0:00:02] [#]} 32. Re1 $1 e5 {[%emt 0:00:00] [#]} 33. Rh1 Rxh7 34. Rxh7 Nxh7 35. Bd3 f4 $2 (35... e4) 36. Bxh7 {[%emt 0:00:02] Weighted Error Value: White=0.08 (flawless) /Black=0.20 (precise)} 1-0

[Event "MPL-4 Indian Chess Tour 2022"]
[Site "Chess24"]
[Date "2022.09.27"]
[Round "1.8"]
[White "Bharath Subramaniyam H"]
[Black "Aronyak Ghosh"]
[Result "1/2-1/2"]
[ECO "B11"]
[WhiteElo "2495"]
[BlackElo "2519"]
[Annotator "TA"]
[PlyCount "133"]
[EventDate "2022.09.29"]
[EventType "tourn"]
[EventCountry "NET"]
[SourceTitle "playchess.com"]
[Source "ChessBase"]
[SourceQuality "1"]
[TimeControl "900+10"]

1. e4 c6 2. Nf3 d5 3. Nc3 dxe4 4. Nxe4 Nf6 5. Qe2 Nxe4 6. Qxe4 Qd5 {[%emt 0:00:02] B11: Caro-Kann: Two Knights Variation.} 7. Qh4 Qe6+ 8. Be2 Qg4 9. Qg3 Qxg3 10. hxg3 Bf5 11. b3 Nd7 12. Bb2 {[%emt 0:02:07] Against e5} h6 13. O-O-O e6 14. Rde1 {[%emt 0:02:38] [#]} Nf6 $5 $146 {[%emt 0:00:42][%mdl 8] New and interesting.} ({Predecessor:} 14... Rg8 15. Nh4 Bh7 16. Bh5 Ke7 17. Re3 Nf6 18. Bxf6+ gxf6 19. g4 Rg5 20. f4 Ra5 {1-0 (37) Liang,A (2536)-Brattain,M (2364) Saint Louis 2017}) 15. Ne5 $1 Rd8 16. g4 Bh7 17. g5 hxg5 18. Bh5 {[%emt 0:00:06] White is more active.} Nxh5 19. Rxh5 f6 20. Ng4 (20. Ng6 $1 $16 Bxg6 21. Rxh8) 20... Kf7 $1 $11 21. Reh1 Kg6 22. d3 Be7 23. R5h3 b5 24. g3 e5 25. Bxe5 fxe5 26. Nxe5+ Kf6 27. Nxc6 (27. f4 $11) 27... Ba3+ $17 28. Kd1 Rd6 {[%emt 0:01:02] White must now prevent ...Bxd3.} 29. Nxa7 {[%emt 0:00:02] [#]} Bxd3 30. cxd3 (30. Rxh8 $2 {is a self mate.} Bc4+ 31. Ke1 Bb4+ 32. c3 Bxc3#) 30... Rb8 31. Rh8 Rb7 32. Nc8 Rxd3+ 33. Ke2 Rc3 ({Black should play} 33... Rbd7 $17 {Hoping for ...Bc5.} 34. Re1 Rd2+ 35. Kf1 Rxa2) 34. Rd1 $11 Rb8 {[%emt 0:00:34] [#]} (34... Rc6 $11 {keeps the balance.}) 35. Nd6 $1 $36 {[%emt 0:00:42][%mdl 2048] Black is under strong pressure.} Rc2+ (35... Rxh8 36. Ne4+) 36. Kd3 Rxh8 37. Kxc2 {[%emt 0:00:02][%mdl 4096] Endgame KRB-KRN} Rh2 {[%emt 0:00:04] [#]} 38. Nxb5 (38. Kc3 $1 $18) 38... Bb4 $2 (38... Rxf2+ $16 39. Rd2 Bc5) 39. Rf1 Ke5 40. Kd3 Bc5 41. f4+ gxf4 42. gxf4+ Kf5 (42... Kd5 {is a better defense.} 43. Nc3+ Kc6) 43. Nc3 Bd6 44. Ne2 Rh3+ 45. Kc4 Rh2 46. Nd4+ Ke4 47. a4 Bxf4 48. Re1+ Be3 49. a5 {[%emt 0:00:09] And now b4 would win.} g5 {[%emt 0:00:25] [#]} 50. Nf5 $1 Kxf5 (50... Rc2+ 51. Kb4) 51. Rxe3 $18 {[%emt 0:00:01] KR-KR} g4 52. b4 Kf4 53. Re8 g3 54. a6 Ra2 55. Kb5 g2 56. Rg8 Kf3 57. Kb6 Ra4 {[%emt 0:00:02] [#]} 58. Rxg2 $3 Kxg2 {[%emt 0:00:13] KR-KPP} (58... Rxb4+ 59. Ka5) 59. b5 Kf3 60. Kc5 $2 (60. Kb7 $18 {White wants to mate with a7.} Ke4 61. b6) 60... Ke4 {[%emt 0:00:17] The position is equal.} 61. b6 Ra5+ 62. Kc6 {[%emt 0:00:05] aiming for a7.} Rxa6 63. Kc7 Kd5 64. b7 Rc6+ 65. Kd7 Rb6 66. Kc7 $1 Rxb7+ 67. Kxb7 {[%emt 0:00:01] White really could win this.  Weighted Error Value: White=0.22 (precise) /Black=0.49} 1/2-1/2

[Event "MPL-4 Indian Chess Tour 2022"]
[Site "Chess24"]
[Date "2022.09.27"]
[Round "2.1"]
[White "Raja Harshit"]
[Black "Aronyak Ghosh"]
[Result "0-1"]
[ECO "B11"]
[WhiteElo "2459"]
[BlackElo "2519"]
[Annotator "TA"]
[PlyCount "44"]
[EventDate "2022.09.29"]
[EventType "tourn"]
[EventCountry "NET"]
[SourceTitle "playchess.com"]
[Source "ChessBase"]
[SourceQuality "1"]
[TimeControl "900+10"]

1. e4 c6 2. Nf3 d5 3. Nc3 dxe4 4. Nxe4 Nf6 5. Qe2 Nxe4 6. Qxe4 Be6 {[%emt 0:00:00] B11: Caro-Kann: Two Knights Variation.} 7. b3 Nd7 8. Bc4 Nf6 {[%emt 0:00:55] The position is equal.} 9. Qe2 Bd5 {[%emt 0:01:13] [#]} 10. Bb2 $146 ({Predecessor:} 10. O-O Bxf3 11. Qxf3 e6 12. a4 a5 13. Bb2 Be7 14. Rad1 O-O 15. Qg3 Ne8 16. Rfe1 {½-½ (60) Yu,Y (2763)-Adhiban,B (2639) Douglas 2019}) 10... e6 11. O-O Be7 12. Ne5 Bxc4 $1 13. bxc4 O-O 14. f4 $2 {[%emt 0:00:07][%mdl 8192] [#] Loses the game.} (14. Rfe1 $14 {keeps the upper hand.}) 14... Qb6+ $19 15. Kh1 Qxb2 16. Rab1 Qxc2 {[%emt 0:00:23] Black is clearly winning.} 17. Rxb7 Bc5 18. Nxc6 Rac8 19. Ne5 Qe4 20. Qxe4 Nxe4 21. Nd7 Rfd8 22. f5 Nd6 {[%emt 0:00:55] Weighted Error Value: White=0.60/Black=0.15 (very precise)} 0-1